 Dungeon Crawl Stone Soup version 0.20.1-1-g8b1a95d (webtiles) character file.

110 potam12345 the Skirmisher (level 4, -1/45 HPs)
             Began as a Troll Chaos Knight on July 8, 2017.
             Slain by Quirk's ghost (9 damage)
             ... on level 3 of the Dungeon.
             The game lasted 00:14:52 (2174 turns).

potam12345 the Skirmisher (Troll Chaos Knight)      Turns: 2174, Time: 00:14:52

Health: -1/45      AC:  7    Str: 21    XL:     4   Next: 61%
Magic:  12/12      EV: 10    Int:  8    God:    Xom [.*....]
Gold:   162        SH:  0    Dex:  9    Spells: 3/3 levels left

rFire    . . .     SeeInvis .   a - +0 short sword (chaos)
rCold    . . .     Gourm    +   (no shield)
rNeg     . . .     Faith    .   b - +2 robe
rPois    .         Spirit   .   (helmet restricted)
rElec    .         Reflect  .   (no cloak)
rCorr    .         Harm     .   (gloves unavailable)
MR       .....                  (boots unavailable)
Stlth    ..........             (no amulet)
Regen    0.6/turn               i - ring of loudness
MPRegen  0.2/turn               n - ring of magical power

@: no status effects
A: unfitting armour, claws 3, fast metabolism 3, gourmand, regeneration 1,
shaggy fur 1, tough skin 2
a: Renounce Religion


You were on level 3 of the Dungeon.
You worshipped Xom.
You were a plaything of Xom.
You were not hungry.

You visited 1 branch of the dungeon, and saw 3 of its levels.

You collected 162 gold pieces.

Inventory:

Hand Weapons
 a - a +0 short sword of chaos (weapon)
 e - a +0 hand axe
 f - a +4 hunting sling
 j - a -3 short sword
Missiles
 m - 37 stones (quivered)
Armour
 b - a +2 robe (worn)
 d - a +0 robe
 g - a cursed +0 leather armour
 w - a +0 pair of boots
Jewellery
 i - a ring of loudness (left claw)
 n - a ring of magical power (right claw)
 t - a +3 ring of intelligence {unknown}
Scrolls
 h - a scroll of fear
 o - 3 scrolls of remove curse
 p - a scroll of teleportation {unknown}
Potions
 k - a potion of berserk rage {unknown}
 l - a potion of haste {unknown}
 q - a potion of flight {unknown}
 r - 2 potions of curing {unknown}
 s - a potion of heal wounds {unknown}
 v - a potion of ambrosia {unknown}
Comestibles
 c - a bread ration
 u - 5 chunks of flesh


   Skills:
 + Level 3.0 Fighting
 + Level 2.9 Short Blades
 + Level 0.4 Axes
 + Level 0.6 Slings
 + Level 2.8 Dodging
 + Level 0.3 Stealth


You had 3 spell levels left.
You didn't know any spells.

Dungeon Overview and Level Annotations

Branches:
Dungeon (3/15)

Altars:

Annotations:
D:3 Quirk's ghost, amateur TrFi


Innate Abilities, Weirdness & Mutations

You are too large for most types of armour.
You have claws for hands.
Your metabolism is lightning-fast.
You like to eat raw meat.
Your natural rate of healing is unusually fast.
You are covered in fur. (AC +1)
You have very tough skin. (AC +2)


Message History

Quirk's ghost is moderately damaged.
Quirk's ghost barely misses you. The frilled lizard barely misses you.
Quirk's ghost says, "Death is your only future!"
Quirk's ghost hits you but does no damage.
You hit Quirk's ghost. You burn Quirk's ghost.
Quirk's ghost is moderately damaged.
Quirk's ghost whispers, "There is no future for you."
Quirk's ghost hits you!
* * * LOW HITPOINT WARNING * * *
The frilled lizard closely misses you.
You hit Quirk's ghost but do no damage.
Space bends around Quirk's ghost.
Quirk's ghost is heavily damaged.
Quirk's ghost hits you.
* * * LOW HITPOINT WARNING * * *
The frilled lizard bites you but does no damage.
You hit Quirk's ghost but do no damage.
Quirk's ghost is heavily damaged.
Quirk's ghost closely misses you. Quirk's ghost hits you!
You die...
Xom chortles!

#.. .# #.###.## #.##...
#....#
#######....#########
....................
#.###............#
.................#
#.###..........†@#
.......#######.#Wl......
#.####.# #...D.......
#.# #.# #........###
#.####.#### #........#
#.#.......# #........#
#.#.##....# #..........
#.#.......# #.......###
#.#.......# ∆


You could see a steam dragon, Quirk's ghost and a frilled lizard.

Vanquished Creatures
  3 adders
  An ooze (D:2)
  2 worms
  A dart slug (D:1)
  3 leopard geckos
  2 orcs (D:3)
  2 ball pythons
  2 giant cockroaches (D:1)
  10 goblins
  8 hobgoblins
  5 jackals
  6 kobolds
  2 quokkas
  8 bats
  5 frilled lizards
  3 rats
63 creatures vanquished.

Notes
Turn   | Place    | Note
-------+----------+-------------------------------------------
     0 | D:1      | potam12345 the Troll Chaos Knight began the quest for the Orb.
     0 | D:1      | Reached XP level 1. HP: 22/22 MP: 0/0
   152 | D:1      | XOM: divination: magic mapping
   313 | D:1      | Reached XP level 2. HP: 28/29 MP: 1/1
   372 | D:1      | XOM is BORED!
   372 | D:1      | XOM: harmless Conj miscast
   407 | D:1      | XOM: harmless Pois miscast
   548 | D:1      | XOM: potion effect (agility)
   669 | D:1      | Reached XP level 3. HP: 36/36 MP: 2/2
   923 | D:1      | XOM: god gift: 20 arrows
   993 | D:2      | XOM: harmless Summ miscast
  1065 | D:2      | Reached skill level 3 in Fighting
  1130 | D:2      | XOM: cast spell 'Olgreb's Toxic Radiance'
  1235 | D:2      | XOM: mild Erth miscast
  1503 | D:2      | Reached XP level 4. HP: 45/45 MP: 3/3
  1978 | D:3      | XOM: divination: detect items
  2158 | D:3      | Noticed Quirk's ghost (amateur TrFi)
  2160 | D:3      | Noticed a steam dragon
  2160 | D:3      | a hound changed into a steam dragon
  2160 | D:3      | XOM: polymorph hound -> steam dragon
  2174 | D:3      | Slain by Quirk's ghost

Skill      XL: |  1  2  3 |
---------------+----------+-----
Dodging        | 2 |  2.8
Fighting       | 3 |  3.0
Short Blades   | |  2.9
Axes           | |  0.4
Slings         | |  0.6
Stealth        | |  0.3

Action                   |  1- 3 |  4- 6 || total
-------------------------+-------+-------++-------
Melee: Hand axe          |    66 |       ||    66
       Short sword       |   134 |    78 ||   212
 Fire: Hunting sling     |    10 |       ||    10
  Use: Scroll            |     4 |       ||     4
 Stab: Paralysed         |       |     3 ||     3
  Eat: Chunk             |     7 |       ||     7
       Bread ration      |     1 |     1 ||     2
       Royal jelly       |       |     1 ||     1
Armor: Robe              |   149 |    41 ||   190
Dodge: Dodged            |   168 |    67 ||   235
